 Dungeon Crawl Stone Soup version 0.31-a0-626-g8143ab4 (webtiles) character file.

Game seed: 9517224350894184044

4727 Nithhogg the Cleaver (level 10, -7/93 HPs)
             Began as a Hill Orc Fighter on May 9, 2023.
             Was a Believer of the Shining One.
             Mangled by a yak (9 damage)
             ... on level 8 of the Dungeon on Aug 24, 2023.
             The game lasted 00:17:10 (9199 turns).

Nithhogg the Cleaver (Hill Orc Fighter)             Turns: 9199, Time: 00:17:10

Health: -7/93      AC: 12    Str: 27    XL:     10   Next: 45%
Magic:  18/25      EV: 10    Int: 14    God:    the Shining One [**....]
Gold:   477        SH: 12    Dex: 10    Spells: 9/9 levels left

rFire   . . .        q - +0 flail (heavy)
rCold   . . .        (no shield)
rNeg    + + .        b - +0 scale mail
rPois   +            h - +1 helmet "Diemofra" {Rampage rElec Slay+5}
rElec   +            B - +0 cloak "Qeuh" {+Inv rN+ Str+3}
rCorr   .            (no gloves)
SInv    .            (no boots)
Will    .....        n
                       - Hermit's Pendant {Faith Invo=14 Evo=0 MP+5} Stlth
                     r - ring of poison resistance
HPRegen 0.35/turn    p - +6 ring of intelligence
MPRegen 0.19/turn

%: rampage, faith
@: divinely shielded, glowing
A: no striking features
a: Renounce Religion, Evoke Invisibility, Divine Shield


You were on level 8 of the Dungeon.
You worshipped the Shining One.
The Shining One was pleased with you.
You visited 2 branches of the dungeon, and saw 10 of its levels.

You collected 507 gold pieces.
You donated 30 gold pieces to Zin.

Inventory:

Hand Weapons
 a - a +0 war axe
 q - a +0 heavy flail (weapon)
 F - a +1 hand axe of freezing
Missiles
 e - 25 poisoned darts (quivered)
 I - a throwing net
 O - 2 atropa-tipped darts
Armour
 b - a +0 scale mail (worn)
 c - a +0 buckler
 d - a +1 hat
 h - the +1 helmet "Diemofra" (worn) {Rampage rElec Slay+5}
   (You found it on level 2 of the Dungeon)

   Slay+5:    It affects your accuracy & damage with ranged weapons and melee
   (+5).
   rElec:     It insulates you from electricity.
   Rampage:   It bestows one free step when moving towards enemies.
 B - the +0 cloak "Qeuh" (worn) {+Inv rN+ Str+3}
   (You found it on level 6 of the Dungeon)

   Str+3:     It affects your strength (+3).
   rN+:       It protects you from negative energy.
   +Inv:      It lets you turn invisible.
Jewellery
 f - a ring of ice
 n - the Hermit's Pendant (around neck) {Faith Invo=14 Evo=0 MP+5}
   (You took it off a hobgoblin on level 3 of the Dungeon)

   [amulet of faith]

   Invo=14: It sets your Invocations skill to 14.
   Evo=0: It sets your Evocations skill to 0.
   Faith:     It allows you to gain divine favour quickly.
   MP+5:      It affects your magic capacity (+5).
 o - an amulet of regeneration
 p - a +6 ring of intelligence (right hand)
 r - a ring of poison resistance (left hand)
Talismans
 x - a maw talisman
Wands
 t - a wand of flame (14)
 y - a wand of mindburst (7)
 K - a wand of roots (17)
Scrolls
 g - a scroll of fear {unknown}
 i - a scroll of brand weapon {unknown}
 j - 4 scrolls of amnesia
 k - 4 scrolls of identify
 l - 6 scrolls of teleportation
 m - a scroll of poison
 u - a scroll of revelation
 v - a scroll of enchant weapon {unknown}
 G - a scroll of blinking {unknown}
 L - 2 scrolls of immolation {unknown}
 M - a scroll of noise {unknown}
Potions
 s - 4 potions of enlightenment
 w - a potion of cancellation {unknown}
 z - a potion of invisibility {unknown}
 C - a potion of attraction {unknown}
 D - a potion of might
 E - a potion of haste {unknown}
 H - a potion of ambrosia {unknown}
 J - a potion of resistance {unknown}


   Skills:
 + Level 9.8 Fighting
 + Level 10.1 Axes
 + Level 9.0 Armour
 - Level 3.2 Shields
 + Level 9.7(14.0) Invocations


You had 9 spell levels left.
You didn't know any spells.
Your spell library contained the following spells:

 Spells                   Type           Power      Damage    Failure   Level
 Magic Dart               Conj           0%         1d3       50%         1
 Summon Small Mammal      Summ           0%         N/A       50%         1
 Call Imp                 Summ           0%         N/A       65%         2
 Static Discharge         Conj/Air       0%         2-2/arc   65%         2
 Call Canine Familiar     Summ           0%         N/A       86%         3
 Mephitic Cloud           Conj/Pois/Air  0%         N/A       86%         3
 Portal Projectile        Hex/Tloc       0%         N/A       86%         3
 Summon Guardian Golem    Hex/Summ       0%         N/A       86%         3
 Tukima's Dance           Hex            0%         N/A       86%         3
 Vhi's Electric Charge    Tloc/Air       0%         N/A       86%         3
 Airstrike                Air            0%         2d(0-16)  99%         4
 Iskenderun's Mystic Bla  Conj/Tloc      0%         2d3       99%         4
 Summon Lightning Spire   Summ/Air       0%         N/A       99%         4
 Arcjolt                  Conj/Air       0%         1d10      100%        5
 Plasma Beam              Fire/Air       0%         2x1d10    100%        6


Dungeon Overview and Level Annotations

Branches:
Dungeon (9/15)             Temple (1/1) D:6
   Lair: D:8-11         Orc: D:9-12

Altars:
Ashenzari
Cheibriados
Dithmenos
Elyvilon
Fedhas
Hepliaklqana
Makhleb
Nemelex Xobeh
Okawaru
Qazlal
Ru
Sif Muna
Trog
Uskayaw
Vehumet
Wu Jian
Xom
Yredelemnul
Zin
The Shining One

Shops:
D:5 ?((   D:6 =


Message History

Your divine shield is renewed.
You block the bullfrog's attack. You block the yak's attack.
The yak gores you but does no damage.
The bullfrog hits you but does no damage.
You are too injured to fight recklessly!
You bludgeon the yak!! You punch the yak.
You kill the yak!
The yak barely misses you. You block the bullfrog's attack.
The hornet closely misses you. The yak gores you but does no damage.
You block the bullfrog's attack. The hornet barely misses you.
Your Armour skill increases to level 9!
You bludgeon the hornet!!
The hornet is almost dead.
You block the bullfrog's attack. The hornet stings you!
* * * LOW HITPOINT WARNING * * *
You feel yourself slow down. The yak closely misses you.
You block the bullfrog's attack. The hornet stings you!
* * * LOW HITPOINT WARNING * * *
The yak barely misses you. You block the bullfrog's attack.
The hornet closely misses you.
Okay, then.
You feel better.
You feel yourself speed up.
The bullfrog hits you but does no damage.
The hornet closely misses you. You block the yak's attack.
The bullfrog hits you.
* * * LOW HITPOINT WARNING * * *
The hornet barely misses you.
Your divine shield is renewed.
The bullfrog hits you but does no damage.
The yak barely misses you. You block the hornet's attack.
The bullfrog hits you but does no damage.
Okay, then.
You closely miss the hornet.
The hornet is almost dead.
You block the hornet's attack. The yak gores you.
* * * LOW HITPOINT WARNING * * *
The bullfrog hits you but does no damage.
The hornet stings you but does no damage.
The yak gores you!
You die...

'####..#.######## #.#
#)#
...###...############.#
#.#
......................#
#.#
...#####.......########
#.# ...# #####....# #.#
...# ##.#.# #.# ...#
#.#.## #######.# ####
#..Y)# #.......# ###F@#
#.####### ##y# #.# #.#
#.# #.# #.# #.####.#
#......# ########


You could see a yak, a hornet and a bullfrog.

Vanquished Creatures
  A cyclops (D:8)
  A tengu conjurer (D:8)
  Grinder (D:4)
  Prince Ribbit (D:4)
  A vampire (D:8)
  6 yaks (D:8)
  Edmund (D:4)
  2 orc warriors (D:8)
  3 ice beasts
  A black bear (D:6)
  A centaur (D:8)
  2 phantoms (D:5)
  2 kobold brigands (D:8)
  2 bullfrogs (D:8)
  A gnoll sergeant (D:7)
  4 scorpions
  3 killer bees (D:4)
  5 howler monkeys
  5 hounds
  Crazy Yiuf (D:5)
  2 orc priests
  A jelly (D:4)
  4 iguanas
  2 sleepcaps
  9 orc wizards
  Natasha (thrice) (D:3)
  9 gnolls
  4 adders
  A shadow imp (D:6)
  An ufetubus (D:5)
  3 worms
  A dart slug (D:4)
  18 orcs
  4 bats
  4 endoplasms
  8 giant cockroaches
  3 hobgoblins
  4 jackals (D:1)
  4 quokkas
  8 ball pythons
  7 frilled lizards
  5 goblins
  12 kobolds
  9 rats
170 creatures vanquished.

Notes
Turn   | Place    | Note
-------+----------+-------------------------------------------
     0 | D:1      | Nithhogg the Hill Orc Fighter began the quest for the Orb.
     0 | D:1      | Reached XP level 1. HP: 19/19 MP: 1/1
   119 | D:1      | Reached XP level 2. HP: 27/27 MP: 2/2
   124 | D:1      | Reached skill level 3 in Axes
   165 | D:1      | Reached skill level 1 in Invocations
   497 | D:1      | Reached XP level 3. HP: 11/33 MP: 4/4
  1130 | D:2      | Found a glowing silver altar of Zin.
  1206 | D:2      | Became a worshipper of Zin the Law-Giver
  1436 | D:2      | Identified the +1 helmet "Diemofra" {Rampage rElec Slay+5}
  1892 | D:2      | Reached XP level 4. HP: 23/40 MP: 5/5
  2044 | D:2      | Upgraded the game from 0.31-a0-18-gea43df2 to
                  | 0.31-a0-626-g8143ab4
  2051 | D:2      | Reached * piety under Zin
  2604 | D:3      | Noticed Natasha
  2608 | D:3      | Killed Natasha
  2621 | D:3      | Reached ** piety under Zin
  2631 | D:3      | Reached XP level 5. HP: 47/47 MP: 7/7
  2742 | D:3      | Noticed Natasha
  2751 | D:3      | Killed Natasha
  2752 | D:3      | Reached skill level 4 in Axes
  3184 | D:3      | Noticed Natasha
  3190 | D:3      | Killed Natasha
  3208 | D:3      | Found a burning altar of Makhleb.
  3248 | D:4      | Noticed Edmund
  3262 | D:4      | Killed Edmund
  3263 | D:4      | Reached skill level 5 in Fighting
  3263 | D:4      | Reached XP level 6. HP: 18/56 MP: 16/16
  3418 | D:4      | Reached skill level 5 in Axes
  3494 | D:4      | Reached skill level 5 in Armour
  3517 | D:4      | Reached *** piety under Zin
  3624 | D:4      | Reached XP level 7. HP: 54/61 MP: 17/17
  3674 | D:4      | Noticed Grinder
  3674 | D:4      | Paralysed by Grinder for 4 turns
  3690 | D:4      | Killed Grinder
  3979 | D:4      | Reached skill level 5 in Invocations
  4155 | D:4      | Reached skill level 6 in Axes
  4164 | D:4      | Reached XP level 8. HP: 24/71 MP: 18/18
  4579 | D:5      | Entered Level 5 of the Dungeon
  4584 | D:5      | Noticed Prince Ribbit
  4598 | D:5      | Found a shimmering altar of Xom.
  4603 | D:5      | HP: 3/71 [something/puff of flame (1)]
  4608 | D:4      | HP: 2/71 [something/puff of flame (3)]
  5070 | D:4      | Killed Prince Ribbit
  5167 | D:5      | Reached skill level 7 in Axes
  5257 | D:5      | Found Hifuonej's Antique Weapon Emporium.
  5391 | D:5      | Found Metzemna's Magic Scroll Boutique.
  5513 | D:5      | Reached XP level 9. HP: 28/79 MP: 19/19
  5703 | D:5      | Found Gos Zauh's Antique Weapon Emporium.
  5745 | D:5      | Found a runed translucent door.
  5746 | D:5      | Noticed Crazy Yiuf
  5751 | D:5      | Killed Crazy Yiuf
  6302 | D:6      | Found Qihusoij's Jewellery Shoppe.
  6353 | D:6      | Identified the +0 cloak "Qeuh" {+Inv rN+ Str+3}
  6573 | D:6      | Reached skill level 8 in Axes
  6751 | D:6      | Found a staircase to the Ecumenical Temple.
  6771 | Temple   | Entered the Ecumenical Temple
  6785 | Temple   | Fell from the grace of Zin
  6785 | Temple   | Became a worshipper of the Shining One
  6785 | Temple   | Reached * piety under the Shining One
  6924 | D:6      | Reached ** piety under the Shining One
  8262 | D:8      | Noticed a cyclops
  8411 | D:8      | Reached skill level 9 in Axes
  8496 | D:8      | Reached XP level 10. HP: 64/91 MP: 20/20
  8622 | D:8      | Found a blossoming altar of Fedhas.
  8725 | D:8      | Found a hide-covered altar of Uskayaw.
  8868 | D:8      | Killed a cyclops
  9184 | D:8      | Reached skill level 10 in Axes
  9199 | D:8      | HP: 2/93 [yak (6)]
  9199 | D:8      | Mangled by a yak

Illustrated notes

Levels and vault maps discovered:
D:1:      dpeg_arrival_refuge, layout_loops_cross,
          nicolae_concentric_dashed_squares_wild, chequers_serial_rivers_marsh
D:2:      layout_loops_corners, serial_forest, infiniplex_forest_end_2,
          infiniplex_forest_clump_tiny, infiniplex_forest_lined_ring,
          infiniplex_forest_corner_1, infiniplex_forest_fountain,
          infiniplex_forest_clump_curved, infiniplex_forest_lined_3_way,
          infiniplex_forest_clump_double, infiniplex_forest_lined_3_way,
          infiniplex_forest_lined_corner, basic_altar
D:3:      layout_basic, lightli_temple_of_fire, kennysheep_generic_room_8,
          uniq_natasha
D:4:      layout_basic, due_unseen_surprise, uniq_grinder, uniq_edmund
D:5:      layout_cave_pools, xom_butterflies, serial_shops,
          nicolae_shop_hallway_plus, shop, nicolae_shop_pleasant_corner_grove,
          minmay_a_box_with_orc_wizards_in_it, uniq_prince_ribbit1,
          uniq_crazy_yiuf_cottage
D:6:      layout_basic, minmay_temple_entry_metal_lava, minivault_11,
          minmay_shop_enchanted_jewellery
D:7:      layout_basic
D:8:      layout_basic, mainiacjoe_overflow_six_doors_small, lemuel_tele_altar,
          minmay_three_doors
D:9:      minmay_the_grid_3x3 [minmay_the_grid_diamond_grid,
          minmay_the_grid_zigzag_pyramid, minmay_the_grid_paths,
          minmay_the_grid_minigrid_medium, minmay_the_grid_box_x,
          minmay_the_grid_tiny_cups, minmay_the_grid_spin_star,
          minmay_the_grid_holed_spiral, minmay_the_grid_prize_shrinking_boxes],
          layout_cave_pools
Temple:   nicolae_temple_elliptical

Skill      XL: |  1  2  3  4  5  6  7  8  9 10 |
---------------+-------------------------------+-----
Axes           | 3 4 5 6 7 9 10 | 10.1
Invocations    | 1 2 3 4 5 7 8 9 |  9.7
Fighting       | 4 5 6 7 9 |  9.8
Armour         | 4 5 7 8 9 |  9.0
Shields        | |  3.2

Action                     |  1- 3 |  4- 6 |  7- 9 | 10-12 || total
---------------------------+-------+-------+-------+-------++-------
  Melee: War axe           |   107 |   116 |    73 |       ||   296
         Punch             |     1 |     1 |       |     3 ||     5
         Flail             |       |       |   160 |    35 ||   195
  Throw: Dart              |       |       |       |     6 ||     6
 Invoke: Recite            |       |       |     1 |       ||     1
         Vitalisation      |       |       |     1 |       ||     1
         Divine Shield     |       |       |     1 |     3 ||     4
    Use: Scroll            |     2 |       |     4 |       ||     6
         Potion            |       |       |     9 |     2 ||    11
 Armour: Scale mail        |    59 |    59 |   156 |    32 ||   306
  Dodge: Dodged            |    55 |    42 |   140 |    46 ||   283
  Block: Other             |       |       |     1 |    15 ||    16

Table legend: (Time is in decaauts)
 A = Elapsed time spent in this place.
 B = Non-inter-level travel time spent in this place.
 C = Inter-level travel time spent in this place.
 D = Time resting spent in this place.
 E = Time spent auto-exploring this place.
 F = Levels seen in this place.
 G = Mean time per level.
                   A        B        C        D        E       F      G
               +--------+--------+--------+--------+--------+-----+--------+
         Total |   9456 |   9082 |    374 |    983 |   6583 |  10 |  945.6 |
       Dungeon |   9426 |   9078 |    348 |    983 |   6583 |   9 | 1047.3 |
        Temple |     29 |      3 |     26 |      0 |      0 |   1 |   29.0 |
               +--------+--------+--------+--------+--------+-----+--------+

Top non-repeatable levels by time:
     D:4: 1922 daAuts
     D:2: 1243 daAuts
     D:7: 1156 daAuts
     D:6: 1126 daAuts
     D:1: 1079 daAuts
     D:8: 1008 daAuts
     D:3: 995 daAuts
     D:5: 886 daAuts
  Temple: 29 daAuts
     D:9: 8 daAuts
